 Seeded DCSS version 0.27.0-1-g7a08968 (webtiles) character file.

Game seed: 2859740041104659127 (custom seed)

0 NeededCrab the Grave Robber (level 1, 0/13 HPs)
             Began as a Demonspawn Necromancer on Oct 22, 2021.
             Slain by an adder (3 damage)
             ... on level 2 of the Dungeon.
             The game lasted 00:00:29 (73 turns).

NeededCrab the Grave Robber (Demonspawn Necromancer)  Turns: 73, Time: 00:00:30

Health: 0/13       AC:  2    Str:  8    XL:     1   Next: 8%
Magic:  2/3        EV: 12    Int: 16    God:
Gold:   0          SH:  0    Dex: 13    Spells: 3/4 levels left

rFire    . . .     SeeInvis .   (no weapon)
rCold    . . .     Faith    .   (no shield)
rNeg     . . .     Spirit   .   a - +0 robe
rPois    .         Reflect  .   (no helmet)
rElec    .         Harm     .   (no cloak)
rCorr    .         Rampage  .   (no gloves)
Will     .....                  (no boots)
Stlth    ++........             (no amulet)
HPRegen  0.04/turn              (no ring)
MPRegen  0.08/turn              (no ring)

@: lethally poisoned (0 -> -5)
A: no striking features
a: no special abilities


You were on level 2 of the Dungeon.
You visited 1 branch of the dungeon, and saw 2 of its levels.

Inventory:

Armour
 a - a +0 robe (worn)


   Skills:
 + Level 1.7 Dodging
 - Level 1.7 Stealth
 + Level 2.0 Spellcasting
 * Level 4.4 Necromancy


You had 3 spell levels left.
You knew the following spells:

 Your Spells              Type           Power      Damage    Failure   Level
a - Pain                  Necr           60%        1d7       3%          1

Your spell library contained the following spells:

 Spells                   Type           Power      Damage    Failure   Level
 Animate Skeleton         Necr           30%        N/A       3%          1
 Vampiric Draining        Necr           7%         2d7       11%         3
 Animate Dead             Necr           7%         N/A       34%         4
 Agony                    Necr           15%        N/A       67%         5


Dungeon Overview and Level Annotations

Branches:
Dungeon (1/15)

Altars:


Message History

2 bats, a ball python, an adder and a rat come into view.
The adder hisses angrily.
The ball python hisses angrily.
The bat closely misses you.
A frilled lizard comes into view.
Found 14 sling bullets.
The bat completely misses you. The bat closely misses you. The bat misses you.
The bat hits you. The bat barely misses you.
The bat hits you but does no damage. The bat barely misses you.
The adder hisses angrily.
The bat misses you. The bat hits you but does no damage. The adder bites you.
The bat barely misses you. The bat hits you. The bat completely misses you.
The bat hits you but does no damage.
Found a silvery potion.
An endoplasm and a hobgoblin come into view.
The bat closely misses you. The bat hits you but does no damage.
The bat barely misses you.
Found a stone staircase leading down.
The bat barely misses you. The bat barely misses you.
The bat closely misses you.
You closely miss the bat.
The endoplasm quivers.
The bat barely misses you. The bat hits you. The bat closely misses you.
The bat misses you. The bat misses you. The bat barely misses you.
The bat misses you. The bat hits you but does no damage.
Aiming: Pain (safe; 3% risk of failure)
Press: ? - help, Q - select action Shift-Dir - straight line, f - adder
Aim: an adder (chance to affect: 80%)
The adder writhes in agony.
The bat hits you but does no damage. The bat closely misses you.
The adder bites you.
* * * LOW HITPOINT WARNING * * *
You are lethally poisoned!
The adder poisons you! The adder bites you.
You die...

#S.r. #.##l# .# ....#
##[b=# #.##.###.###.....
#lS?..##...rr..........#
#...#.#..#.##.......#
#...S...#.##...g....
##.....##S...!.....#
(......#####.......#
#........#####..r...##
######.#.S@bbSJ#...##
#.#######>....# #.#
#.....# )# #.....#
#.....# #.....# #######


You could see 2 adders, an endoplasm, 2 bats and a rat (wandering).

Vanquished Creatures
  A goblin (D:1)
1 creature vanquished.

Notes
Turn   | Place    | Note
-------+----------+-------------------------------------------
     0 | D:1      | NeededCrab the Demonspawn Necromancer began the quest for
                  | the Orb.
     0 | D:1      | Reached XP level 1. HP: 13/13 MP: 3/3
    51 | D:1      | You fall into a shaft and drop 1 floor!
    73 | D:2      | Slain by an adder

Illustrated notes

Levels and vault maps discovered:
D:1:      minmay_arrival_wavy_path, layout_rooms,
          shapermc_ecumenical_altar_totnotflames
D:2:      layout_loops_cross, minmay_circle_x, uniq_crazy_yiuf_cottage

Action                   || total
-------------------------++-------
Melee: Unarmed           ||     1
 Cast: Pain              ||     2
Armor: Robe              ||     6
Dodge: Dodged            ||    21
